 Dungeon Crawl Stone Soup version 0.17-a0-2122-g03d97ec (webtiles) character file.

665 brucemayne the Chopper (level 7, -1/78 HPs)
             Began as a Demonspawn Berserker on Oct 21, 2015.
             Was a Believer of Trog.
             Slain by a troll (9 damage)
             ... on level 10 of the Dungeon.
             The game lasted 00:06:43 (1697 turns).

brucemayne the Chopper (Demonspawn Berserker)       Turns: 1697, Time: 00:06:44

Health: -1/78      AC:  5    Str: 24    XL:     7   Next: 31%
Magic:  6/6        EV: 10    Int:  9    God:    Trog [**....]
Gold:   199        SH:  0    Dex: 12    Spells: 0 memorised, 6 levels left

rFire  . . .     SeeInvis .     u - +1 war axe
rCold  . . .     Clarity  .     d - +0 scale mail
rNeg   . . .     SustAt   .     (no shield)
rPois  .         Gourm    .     (no helmet)
rElec  .         Spirit   .     (no cloak)
rCorr  .         Warding  .     (no gloves)
rMut   .         Stasis   .     h - +0 pair of boots
MR     ++...                    (no amulet)
Stlth  ..........               (no ring)
                                (no ring)

@: berserking, regenerating, very quick, very resistant to hostile enchantments,
extremely unstealthy
A: talons 1, molten scales 1, deformed body, low mp 1, sense surroundings 1
a: Berserk, Trog's Hand, Burn Spellbooks, Renounce Religion


You were on level 10 of the Dungeon.
You worshipped Trog.
Trog was pleased with you.
You were not hungry.

You visited 1 branch of the dungeon, and saw 11 of its levels.

You collected 199 gold pieces.

Inventory:

Hand Weapons
 a - a +0 hand axe
 u - a +1 war axe (weapon)
Missiles
 s - a throwing net (quivered)
Armour
 b - a +0 animal skin
 d - a +0 scale mail (worn)
 h - a +0 pair of boots (worn)
 o - a cursed +0 shield
Jewellery
 g - an uncursed ring of fire {unknown}
Wands
 p - a wand of random effects (14)
Scrolls
 e - 2 scrolls of enchant weapon
 f - 2 scrolls of immolation {unknown}
 i - a scroll of remove curse {unknown}
 k - a scroll of amnesia {unknown}
 l - 3 scrolls of identify {unknown}
 m - a scroll of holy word {unknown}
 n - a scroll of random uselessness {unknown}
 t - 2 scrolls of noise {unknown}
 v - a scroll of blinking {unknown}
Potions
 q - 4 potions of heal wounds
Comestibles
 c - 3 bread rations
 j - 4 meat rations


   Skills:
 - Level 3.0 Fighting
 + Level 7.8 Axes
 - Level 1.7 Armour
 - Level 1.7 Dodging


You had 6 spell levels left.
You didn't know any spells.

Dungeon Overview and Level Annotations

Branches:
Dungeon (11/15)
 Temple: D:4-7         Lair: D:8-11         Orc: D:9-12

Altars:
Ru


Innate Abilities, Weirdness & Mutations

You have sharp toenails.
You are partially covered in molten scales (AC +1).
Armour fits poorly on your strangely shaped body.
Your magical capacity is low (-10% MP).
You passively map a small area around you.


Message History

The phantom hits you!
The phantom blinks!
Use which ability?
A red film seems to cover your vision as you go berserk!
You feel yourself moving faster!
You feel mighty!
You feel somewhat more hungry.
The phantom blinks!
The troll bites you!
The troll claws you but does no damage. x2
You closely miss the troll. You slash the troll!
The troll is moderately wounded.
The troll bites you!
* * * LOW HITPOINT WARNING * * *
The troll closely misses you. The troll claws you.
* * * LOW HITPOINT WARNING * * *
Your scale mail prevents you from hitting the troll.
The troll is moderately wounded.
You feel the effects of Trog's Hand fading.
The troll bites you!
* * * LOW HITPOINT WARNING * * *
The troll claws you!
You die...

##############
*
#.@Tooo.......
,
#.###o........
, #.*
#....####*
#.###....#
#....(..>#
#........# *
#............
,,
#.........###
#[#######.#


You could see a troll and 4 orcs.

Vanquished Creatures
  A hippogriff (D:9)
  A sky beast (D:9)
  A centaur (D:11)
  A giant frog (D:9)
  A big kobold (D:10)
  2 orc priests (D:11)
  2 iguanas
  A killer bee zombie (D:10)
  2 gnolls (D:2)
  5 adders
  4 worms (D:2)
  4 orcs
  2 giant cockroaches
  4 hobgoblins
  A quokka (D:2)
  6 bats
  2 giant newts
  3 goblins
  7 jackals
  10 kobolds
  7 rats
67 creatures vanquished.

Notes
Turn   | Place    | Note
--------------------------------------------------------------
     0 | D:1      | brucemayne the Demonspawn Berserker began the quest for the Orb.
     0 | D:1      | Reached XP level 1. HP: 18/18 MP: 1/1
   372 | D:2      | Gained mutation: You are partially covered in molten scales (AC +1). [demonic ancestry]
   372 | D:2      | Reached XP level 2. HP: 24/24 MP: 2/2
   375 | D:2      | Gained mutation: You have sharp toenails. [demonic ancestry]
   375 | D:2      | Reached XP level 3. HP: 29/29 MP: 3/3
   378 | D:2      | Reached skill level 4 in Axes
   379 | D:2      | Found a sacrificial altar of Ru.
   445 | D:2      | Reached ** piety under Trog
   452 | D:2      | Reached XP level 4. HP: 33/35 MP: 4/4
   721 | D:3      | Reached skill level 5 in Axes
   754 | D:5      | Entered Level 5 of the Dungeon
   872 | D:7      | Reached XP level 5. HP: 41/41 MP: 5/5
   978 | D:9      | Reached skill level 6 in Axes
  1046 | D:9      | Noticed a sky beast
  1055 | D:9      | Killed a sky beast
  1055 | D:9      | Reached XP level 6. HP: 47/47 MP: 6/6
  1105 | D:9      | Gained mutation: Your magical capacity is low (-10% MP). [mutagenic meat]
  1106 | D:9      | Gained mutation: Armour fits poorly on your strangely shaped body. [mutagenic meat]
  1107 | D:9      | Gained mutation: You passively map a small area around you. [mutagenic meat]
  1241 | D:9      | Noticed a hippogriff
  1254 | D:9      | Killed a hippogriff
  1254 | D:9      | Reached skill level 7 in Axes
  1351 | D:10     | Entered Level 10 of the Dungeon
  1411 | D:10     | Reached XP level 7. HP: 12/52 MP: 6/6
  1673 | D:10     | Noticed a troll
  1697 | D:10     | Slain by a troll

Vault maps used:
D:1:      saegor_arrival_miasma
D:2:      overflow_temple_1_default, minmay_joined_circles
D:3:      first_bread, dk_xom_monty_hall
D:4:      makhleb_heckhound_becter, lemuel_doored_altar,
          minmay_temple_entry_junction, serial_shops,
          nicolae_shop_competitors_out_of_business, uniq_crazy_yiuf_cottage
D:5:      fedhas_altar_3, corexii_corridor_pit, small_statue_intersection
D:7:      uniq_duvessa, uniq_pikel, uniq_prince_ribbit1
D:8:      grunt_temple_overflow_diamond, david_lair_shrubbed, uniq_gastronok,
          uniq_grum
D:9:      st_stairs_8
D:11:     serial_shops, shop, hangedman_fish_farm, cheibriados_altar_1,
          uniq_urug, uniq_snorg, uniq_maud, uniq_maurice

Action                   |  1- 3 |  4- 6 |  7- 9 || total
-------------------------+-------+-------+-------++-------
Melee: Hand axe          |    58 |   184 |     9 ||   251
       War axe           |       |       |    19 ||    19
Invok: Berserk           |     2 |     6 |     3 ||    11
       Trog's Hand       |       |       |     3 ||     3
  Use: Potion            |       |     6 |     1 ||     7
       Scroll            |       |       |     1 ||     1
  Eat: Chunk             |       |     9 |       ||     9
       Fruit             |       |     1 |       ||     1
       Bread ration      |       |     1 |       ||     1
       Pizza             |       |     1 |       ||     1
       Beef jerky        |       |       |     1 ||     1
